 Dungeon Crawl Stone Soup version 0.13.0-29-gdb529de (webtiles) character file.

619 Fv001 the Ducker (level 6, -10/53 HPs)
             Began as a Draconian Fighter on Nov 7, 2013.
             Mangled by a decayed bog body (17 damage)
             ... in an ossuary.
             The game lasted 00:25:22 (4697 turns).

Fv001 the Ducker (Draconian Fighter)                Turns: 4697, Time: 00:25:23

HP -10/53        AC  8     Str 19      XL: 6   Next: 82%
MP   5/5         EV 12     Int  9      God:
Gold 150         SH 19     Dex 13      Spells:  1 memorised,  4 levels left

Res.Fire  : . . .   See Invis. : .   a - +0 mace (curse)
Res.Cold  : . . .   Warding    : .   (armour unavailable)
Life Prot.: . . .   Conserve   : .   c - +0 shield (curse)
Res.Poison: .       Res.Corr.  : .   (helmet restricted)
Res.Elec. : .       Clarity    : .   (no cloak)
Sust.Abil.: . .     Spirit.Shd : .   b - +0 pair of gauntlets (curse)
Res.Mut.  : .       Stasis     : .   d - +0 pair of boots (curse)
Res.Rott. : .       Flight     : .   (no amulet)
Saprovore : . . .                    (no ring)
                                     (no ring)

@: slightly resistant to hostile enchantments, unstealthy
A: unfitting armour, AC +6, Dex +2
a: no special abilities


You were in an ossuary.
You were not hungry.

You visited 1 branch of the dungeon, and saw 4 of its levels.
You also visited: Ossuary.

You collected 130 gold pieces.

Inventory:

Hand weapons
 a - a cursed +0,+0 mace (weapon)
 e - a cursed +0,+0 sling
Missiles
 h - 122 stones
 x - 3 darts (quivered)
Armour
 b - a cursed +0 pair of gauntlets (worn)
 c - a cursed +0 shield (worn)
 d - a cursed +0 pair of boots (worn)
Magical devices
 f - a wand of invisibility (3)
Scrolls
 g - a scroll of random uselessness {unknown}
 m - a scroll of fear
 q - 4 scrolls of teleportation
 u - 5 scrolls of remove curse
 v - a scroll of enchant weapon I
 y - 3 scrolls of identify
 B - a scroll of fog
Potions
 j - a potion of restore abilities
 k - 3 potions of curing
 l - a potion of resistance
 n - a potion of brilliance {unknown}
Books
 z - a book of Air

   Spells                             Type                      Level
   *Shock                             Conjuration/Air              1
   Swiftness                          Charms/Air                   2
   Repel Missiles                     Charms/Air                   2
   Flight                             Charms/Air                   3
   Static Discharge                   Conjuration/Air              3
   Lightning Bolt                     Conjuration/Air              5


   Skills:
 + Level 4.1 Fighting
 + Level 3.6 Maces & Flails
 + Level 1.0 Slings
 + Level 0.6 Throwing
 + Level 4.8 Dodging
 + Level 0.6 Stealth
 + Level 4.4 Shields
 + Level 0.1 Spellcasting
 + Level 0.2 Conjurations


You had 4 spell levels left.
You knew the following spells:

 Your Spells              Type           Power        Failure   Level  Hunger
a - Shock                 Conj/Air       #...         94%         1    ##.....


Dungeon Overview and Level Annotations

Branches:
Dungeon (4/27)
 Temple: D:4-7

Altars:
Fedhas
Trog


Innate Abilities, Weirdness & Mutations

Your plain brown scales are hard (AC +6).
Your body does not fit into most forms of armour.
Your cold-blooded metabolism reacts poorly to cold.
You are agile. (Dex +2)


Message History

The decayed bog body is heavily damaged.
The decayed bog body's decay slows.
You block the decayed bog body's attack.
The decayed bog body barely misses you.
You block the decayed bog body's attack.
You barely miss the decayed bog body.
The decayed bog body is heavily damaged.
The decayed bog body hits you! The decayed bog body barely misses you.
You hit the decayed bog body.
The decayed bog body is severely damaged.
The decayed bog body barely misses you.
You block the decayed bog body's attack.
The decayed bog body hits you!
* * * LOW HITPOINT WARNING * * *
The decayed bog body closely misses you.
Drink which item? (? for menu, Esc to quit)
You feel better.
You feel yourself speed up. The decayed bog body hits you!
You die...

### ###≈≈ # #≈≈≈###
#≈##≈≈≈≈#########
#≈≈.#P≈P#P#@#.#.#
#≈≈.≈≈≈.#n#'#'###
#≈≈P.≈≈≈≈≈≈≈.z....'.#
≈≈≈≈≈≈#####≈#####.###
#≈#..≈ #.#...#.'.# ≈
### #.#...'.###
#.#...#.'.#
#.#####.### '.'
#.'.'.#


You could see a decayed bog body and a giant gecko zombie.

Vanquished Creatures
  2 giant frog zombies (Ossuary)
  A bog body (Ossuary)
  A necrophage zombie (Ossuary)
  2 hound zombies (Ossuary)
  Terence (D:2)
  6 mummies (Ossuary)
  3 gnolls
  A worm zombie (Ossuary)
  8 adders
  2 worms (D:2)
  An adder zombie (Ossuary)
  6 giant geckos
  4 oozes
  An orc (D:3)
  9 bats
  A bat zombie (Ossuary)
  A giant cockroach (D:2)
  12 goblins
  8 hobgoblins
  5 jackals (D:2)
  10 kobolds
  2 quokkas
  2 ball pythons (D:3)
  A ball python zombie (Ossuary)
  A giant cockroach zombie (Ossuary)
  3 giant newts (D:2)
  2 hobgoblin skeletons (D:4)
  3 kobold zombies (Ossuary)
  2 orc zombies (Ossuary)
  A quokka zombie (Ossuary)
  12 rats
  3 rat zombies (Ossuary)
  A bush (D:2)
118 creatures vanquished.

Notes
Turn   | Place    | Note
--------------------------------------------------------------
     0 | D:1      | Fv001, the Draconian Fighter, began the quest for the Orb.
     0 | D:1      | Reached XP level 1. HP: 19/19 MP: 0/0
   331 | D:1      | Reached XP level 2. HP: 26/26 MP: 1/1
   810 | D:2      | Found a blossoming altar of Fedhas.
   815 | D:2      | Noticed Terence
   835 | D:2      | Reached XP level 3. HP: 30/33 MP: 2/2
  1143 | D:2      | Killed Terence
  1625 | D:2      | Reached XP level 4. HP: 24/39 MP: 3/3
  1827 | D:2      | Noticed a moth of wrath
  1829 | D:2      | Found a bloodstained altar of Trog.
  2441 | D:2      | Reached skill level 1 in Slings
  2482 | D:2      | Reached XP level 5. HP: 29/46 MP: 4/4
  3180 | D:3      | Reached skill level 4 in Shields
  3243 | D:3      | Learned a level 1 spell: Shock
  3859 | D:4      | Found a sand-covered staircase.
  3864 | Ossuary  | Entered an ossuary
  3875 | Ossuary  | Gained mutation: You are agile. (Dex +2) [potion of beneficial mutation]
  4006 | Ossuary  | Reached XP level 6. HP: 23/52 MP: 5/5
  4696 | Ossuary  | HP: 1/53 [decayed bog body (22)]
  4697 | Ossuary  | Mangled by a decayed bog body

Action                   |  1- 3 |  4- 6 || total
-------------------------+-------+-------++-------
Melee: Mace              |   123 |   450 ||   573
 Fire: Sling             |     6 |    31 ||    37
Throw: Stone             |     3 |       ||     3
       Dart              |     2 |     4 ||     6
  Use: Scroll            |     1 |     7 ||     8
       Potion            |       |     4 ||     4
